 Dungeon Crawl Stone Soup version 0.31.0-12-g77e489cdc1 (webtiles) character file.

Game seed: 9675388720379510664

2309 gohu the Destroyer (level 9, 0/81 HPs)
             Began as a Gargoyle Earth Elementalist on Mar 4, 2024.
             Was a Believer of Sif Muna.
             Engulfed by a steam dragon's steam (5 damage)
             ... in the Ecumenical Temple.
             The game lasted 00:16:33 (6311 turns).

gohu the Destroyer (Gargoyle Earth Elementalist)    Turns: 6311, Time: 00:16:33

Health: 0/81       AC: 24    Str: 14    XL:     9   Next: 41%
Magic:  25/25      EV:  2    Int: 21    God:    Sif Muna [**....]
Gold:   271        SH:  5    Dex: 10    Spells: 7/18 levels left

rFire   . . .        v - +7 flail of Equlytwi {flame, rPois Str+3}
rCold   . . .        h - orb {*channel}
rNeg    + . .        a - melded +0 robe
rPois   ∞            p - melded +0 helmet
rElec   .            w - melded +0 cloak
rCorr   .            (gloves currently unavailable)
SInv    +            (boots currently unavailable)
Will    .....        o - amulet of reflection
Stlth   ++           y - ring of magical power
HPRegen 0.33/turn    D - ring of see invisible
MPRegen 0.19/turn

%: reflection, channel magic (20%)
@: tree-form
A: stationary, stasis, torment immunity, boosted hp, sickness immunity, AC +6,
negative energy resistance 1, (electricity resistance), torment resistance 1,
petrification resistance
a: Renounce Religion, Channel Magic


You were in the Ecumenical Temple.
You worshipped Sif Muna.
Sif Muna was pleased with you.
You were a tree.
You visited 2 branches of the dungeon, and saw 7 of its levels.

You collected 311 gold pieces.
You spent 40 gold pieces at shops.

Inventory:

Hand Weapons
 f - a +0 sling
 v - the +7 flail of Equlytwi (weapon) {flame, rPois Str+3}
   (You found it on level 3 of the Dungeon)

   Str+3:     It affects your strength (+3).
   rPois:     It protects you from poison
 z - a +0 sling of draining
Missiles
 m - 6 poisoned darts
 A - a throwing net
 F - 6 boomerangs
Armour
 a - a +0 robe (melded)
 h - an orb of energy (worn)
 p - a +0 helmet (melded)
 w - a +0 cloak (melded)
Jewellery
 o - an amulet of reflection (around neck)
 r - an amulet of guardian spirit
 y - a ring of magical power (left branch)
 C - a ring of fire
 D - a ring of see invisible (right branch)
 H - a ring of magical power
Wands
 t - a wand of flame (5)
Scrolls
 d - 8 scrolls of identify
 e - a scroll of immolation {unknown}
 i - 2 scrolls of enchant weapon {unknown}
 j - a scroll of noise {unknown}
 k - a scroll of silence {unknown}
 l - a scroll of poison {unknown}
 n - a scroll of revelation {unknown}
 q - 2 scrolls of torment {unknown}
 s - 3 scrolls of blinking {unknown}
Potions
 b - 2 potions of magic
 c - 8 potions of curing
 g - 2 potions of degeneration {unknown}
 u - 3 potions of enlightenment {unknown}
 x - 4 potions of lignification
 B - a potion of brilliance {unknown}
 E - a potion of haste {unknown}
 G - 3 potions of attraction {unknown}


   Skills:
 + Level 5.5 Fighting
 + Level 3.1 Armour
 - Level 1.5 Dodging
 - Level 2.1 Stealth
 + Level 5.1 Spellcasting
 * Level 8.2 Conjurations
 - Level 7.4 Earth Magic


You had 7 spell levels left.
You knew the following spells:

 Your Spells              Type           Power      Damage    Failure   Level
a - Sandblast             Erth           72%        2d16      3%          1
b - Stone Arrow           Conj/Erth      76%        3d11      6%          3
c - Brom's Barrelling Bo  Conj/Erth      38%        2d6       13%         4
d - Passwall              Erth           36%        N/A       7%          3

Your spell library contained the following spells:

 Spells                   Type           Power      Damage    Failure   Level
 Iskenderun's Battlesphe  Conj           40%        2d9       24%         5
 Slow                     Hex            20%        N/A       26%         1
 Petrify                  Alch/Erth      21%        N/A       43%         4
 Confusing Touch          Hex            5%         N/A       54%         3
 Sigil of Binding         Hex            5%         N/A       54%         3
 Vampiric Draining        Necr           5%         2d6       54%         3
 Arcjolt                  Conj/Air       11%        1d21      69%         5
 Fireball                 Conj/Fire      11%        3d7       69%         5
 Vhi's Electric Charge    Tloc/Air       10%        N/A       87%         4
 Conjure Ball Lightning   Conj/Air       11%        3x3d6     99%         6
 Orb of Destruction       Conj           20%        9d8       99%         7
 Plasma Beam              Fire/Air       2%         2x1d12    100%        6


Dungeon Overview and Level Annotations

Branches:
Dungeon (6/15)             Temple (1/1) D:6

Altars:
Cheibriados
Dithmenos
Elyvilon
Fedhas
Gozag
Makhleb
Nemelex Xobeh
Okawaru
Qazlal
Ru
Sif Muna
Trog
Uskayaw
Vehumet
Wu Jian
Xom
Yredelemnul
Zin
The Shining One

Shops:
D:3 ?


Innate Abilities, Weirdness & Mutations

You are a tree.
Your roots penetrate the ground, keeping you stationary.
You cannot be teleported.
You are immune to unholy pain and torment.
Your maximum health is greatly increased.
Your equipment is partially melded.
You are immune to sickness and miasma.
((Your stone body is resilient. (AC +6)))
You are immune to poison.
You resist negative energy. (rN+)
((You are resistant to electric shocks. (rElec)))
You are resistant to unholy torment.
You are immune to petrification.


Message History

Your +0 cloak melds into your body.
Your +0 helmet melds into your body.
Your +0 robe melds into your body.
Your roots penetrate the ground.
The steam dragon bites you but does no damage.
The steam dragon claws you but does no damage.
You shoot a sling bullet.
The sling bullet barely misses the steam dragon.
You are engulfed in a cloud of scalding steam.
The steam dragon bites you but does no damage.
The steam dragon claws you but does no damage.
The steam dragon barely misses you.
The steam dragon claws you but does no damage.
You shoot a sling bullet.
The sling bullet barely misses the steam dragon.
The steam dragon bites you but does no damage.
The steam dragon claws you but does no damage.
You feel stronger.
The +7 flail of Equlytwi {flame, rPois Str+3} bursts into flame!
v - the +7 flail of Equlytwi (weapon)
{flame, rPois Str+3} You are engulfed in a cloud of scalding steam.
The steam dragon breathes steam at you. The ball of steam misses you.
You barely miss the steam dragon. The steam dragon bites you.
* * * LOW HITPOINT WARNING * * *
The steam dragon claws you.
* * * LOW HITPOINT WARNING * * *
You feel better. The steam dragon bites you.
* * * LOW HITPOINT WARNING * * *
The steam dragon claws you but does no damage.
You closely miss the steam dragon.
The steam dragon bites you but does no damage.
The steam dragon claws you but does no damage.
The steam dragon bites you but does no damage.
The steam dragon claws you but does no damage.
You closely miss the steam dragon. The steam dragon breathes steam at you.
The ball of steam hits you but does no damage.
You hit the steam dragon. You burn the steam dragon.
The steam dragon is lightly wounded.
You are engulfed in a cloud of scalding steam.
You die...

#............._.............#
#......≈≈...........≈≈......#
##..8..≈≈≈≈≈.....≈≈≈≈≈..8..##
#......≈≈≈≈≈≈.≈≈≈≈≈≈......#
#......≈≈≈≈≈...≈≈≈≈≈......#
##.....≈≈≈≈.....≈≈≈≈.....##
#......≈≈.......≈≈......#
#......≈.........≈......#
##.._......D♣§§.§§.._..##
#......≈.........≈......#
#......≈≈.......≈≈......#
##.....≈≈≈≈.....≈≈≈≈.....##
#......≈≈≈≈≈...≈≈≈≈≈......#
#......≈≈≈≈≈≈.≈≈≈≈≈≈......#
##..8..≈≈≈≈≈.....≈≈≈≈≈..8..##
#......≈≈...........≈≈......#
#............._.............#


You could see a steam dragon (catching breath).

Vanquished Creatures
  Menkaure (D:4)
  A water moccasin (D:6)
  A black bear (D:6)
  An ice beast (D:5)
  An orc warrior (D:6)
  A sky beast (D:6)
  3 ogres
  A centaur (D:6)
  Blork the orc (D:5)
  A gnoll sergeant (D:5)
  A bullfrog (D:6)
  2 scorpions
  5 wights (D:6)
  2 bombardier beetles
  A howler monkey (D:5)
  A jelly (D:5)
  A gnoll bouda (D:3)
  3 orc priests (D:6)
  A hound (D:5)
  2 iguanas
  Terence (D:2)
  2 orc wizards (D:6)
  Natasha (thrice) (D:2)
  Robin (D:2)
  13 adders
  7 gnolls
  A white imp (D:4)
  2 ufetubi (D:5)
  4 ribbon worms
  2 dart slugs
  11 orcs
  5 ball pythons
  7 endoplasms
  5 giant cockroaches
  13 goblins
  10 hobgoblins
  7 jackals
  A quokka (D:1)
  7 bats
  3 frilled lizards
  13 kobolds
  5 rats
154 creatures vanquished.

Notes
Turn   | Place    | Note
-------+----------+-------------------------------------------
     0 | D:1      | gohu the Gargoyle Earth Elementalist began the quest for
                  | the Orb.
     0 | D:1      | Reached XP level 1. HP: 10/10 MP: 3/3
   244 | D:1      | Reached XP level 2. HP: 15/15 MP: 1/5
   727 | D:1      | Found a faded altar of an unknown god.
  1082 | D:2      | Reached skill level 5 in Earth Magic
  1082 | D:2      | Reached XP level 3. HP: 19/19 MP: 4/6
  1140 | D:2      | Found an opulent altar of Gozag.
  1224 | D:2      | Noticed Natasha
  1227 | D:2      | Killed Natasha
  1228 | D:2      | Reached XP level 4. HP: 19/24 MP: 3/7
  1494 | D:2      | Noticed Natasha
  1499 | D:2      | Killed Natasha
  1743 | D:2      | Noticed Natasha
  1745 | D:2      | Killed Natasha
  1746 | D:2      | Reached XP level 5. HP: 28/28 MP: 8/8
  1766 | D:2      | Noticed Terence
  1770 | D:2      | Killed Terence
  1898 | D:2      | Noticed Robin
  1909 | D:2      | Killed Robin
  2379 | D:3      | Found an iron altar of Okawaru.
  2381 | D:3      | You fall into a shaft and drop 3 floors!
  2382 | D:6      | Found a shimmering blue altar of Sif Muna.
  2390 | D:6      | Became a worshipper of Sif Muna the Loreminder
  2408 | D:5      | Entered Level 5 of the Dungeon
  2505 | D:4      | Found a blossoming altar of Fedhas.
  2508 | D:4      | Reached XP level 6. HP: 33/33 MP: 5/9
  2569 | D:3      | Reached skill level 2 in Conjurations
  2625 | D:3      | Reached skill level 1 in Fighting
  2697 | D:3      | Found a shadowy altar of Dithmenos.
  2789 | D:3      | Found an ornate altar of the Wu Jian Council.
  2880 | D:3      | Found Emuutrik's Magic Scroll Emporium.
  2890 | D:3      | Bought a scroll of identify for 20 gold pieces
  2890 | D:3      | Bought a scroll of identify for 20 gold pieces
  2917 | D:3      | Found a white marble altar of Elyvilon.
  2941 | D:3      | Identified the +7 flail of Equlytwi {flame, rPois Str+3}
  3048 | D:3      | Found a stormy altar of Qazlal.
  3144 | D:3      | Reached * piety under Sif Muna
  3221 | D:4      | Reached skill level 3 in Conjurations
  3625 | D:4      | Reached XP level 7. HP: 31/40 MP: 9/11
  3714 | D:4      | Found a glowing golden altar of the Shining One.
  3758 | D:4      | Found a basalt altar of Yredelemnul.
  3843 | D:4      | Noticed Menkaure
  3849 | D:4      | Killed Menkaure
  3850 | D:4      | Reached skill level 4 in Conjurations
  3857 | D:4      | Learned a level 3 spell: Stone Arrow
  3862 | D:4      | Learned a level 4 spell: Brom's Barrelling Boulder
  3866 | D:4      | Learned a level 3 spell: Passwall
  4507 | D:5      | Reached skill level 5 in Conjurations
  4517 | D:5      | Reached XP level 8. HP: 46/46 MP: 13/13
  4586 | D:5      | Noticed Blork the orc
  4609 | D:5      | Killed Blork the orc
  4672 | D:5      | Reached skill level 6 in Conjurations
  5423 | D:6      | Found a burning altar of Makhleb.
  5436 | D:6      | Reached skill level 1 in Armour
  5436 | D:6      | Reached skill level 7 in Conjurations
  5476 | D:6      | Reached ** piety under Sif Muna
  5646 | D:6      | Reached XP level 9. HP: 53/53 MP: 16/16
  5647 | D:6      | Reached skill level 5 in Fighting
  5725 | D:6      | Found a staircase to the Ecumenical Temple.
  5818 | D:6      | Found a runed translucent door.
  5830 | Temple   | Entered the Ecumenical Temple
  5969 | D:6      | Reached skill level 5 in Spellcasting
  5999 | D:6      | Reached skill level 8 in Conjurations
  6302 | Temple   | HP: 2/54 [steam dragon/ball of steam (13)]
  6307 | Temple   | HP: 4/81 [steam dragon (1)]
  6307 | Temple   | HP: 1/81 [steam dragon (3)]
  6311 | Temple   | Engulfed by a steam dragon's steam

Illustrated notes

Levels and vault maps discovered:
D:1:      sevenhm_arrival_forest_fort_small_3, layout_basic,
          basic_ecumenical_altar, nicolae_titane
D:2:      layout_basic, basic_altar, uniq_natasha, uniq_robin, uniq_terence
D:3:      layout_basic, nicolae_dithmenos_shadow_blocks, marbit_many_paths,
          okawaru_trees_2, elyvilon_altar_5, grunt_qazlal_clouds, serial_shops,
          nicolae_lakefront_shop
D:4:      layout_loops_corners, nicolae_tso_swordbearing_angel,
          mainiacjoe_overflow_catwalk, lemuel_crystal_altar, uniq_menkaure
D:5:      layout_basic, uniq_blork_the_orc
D:6:      layout_gridville, mainiacjoe_overflow_small_starburst,
          mainiacjoe_overflow_boulevard, minmay_temple_entry_drinking_statues,
          cheibrodos_sewer_entry_bend, lightli_church_of_beogh
Temple:   nicolae_temple_superstar

Skill      XL: |  1  2  3  4  5  6  7  8  9 |
---------------+----------------------------+-----
Earth Magic    | 4 5 6 7 |  7.4
Conjurations   | 3 5 7 8 |  8.2
Fighting       | 2 3 4 5 |  5.5
Spellcasting   | 3 4 5 |  5.1
Armour         | 2 3 |  3.1
Dodging        | |  1.5
Stealth        | |  2.1

Action                     |  1- 3 |  4- 6 |  7- 9 || total
---------------------------+-------+-------+-------++-------
  Melee: Flail             |       |       |     4 ||     4
   Fire: Sling             |       |    26 |    51 ||    77
   Cast: Sandblast         |    37 |   113 |   106 ||   256
    Use: Potion            |       |       |     3 ||     3
 Armour: Robe              |     4 |    26 |    41 ||    71
         Skin              |       |       |    19 ||    19
  Dodge: Dodged            |     7 |    28 |    35 ||    70
